 Dungeon Crawl Stone Soup version 0.30.1-9-gdf580d7c3d (webtiles) character file.

Game seed: 3438303868004539837

170 Ironcache the Shooter (level 5, 0/41 HPs)
             Began as a Formicid Hunter on Oct 4, 2023.
             Killed from afar by an orc wizard (8 damage)
             ... with a puff of flame
             ... on level 4 of the Dungeon.
             The game lasted 00:08:42 (2161 turns).

Ironcache the Shooter (Formicid Hunter)             Turns: 2161, Time: 00:08:43

Health: 0/41       AC:  6    Str: 15    XL:     5   Next: 80%
Magic:  5/5        EV:  7    Int:  9    God:
Gold:   158        SH:  0    Dex: 19    Spells: 4/4 levels left

rFire   . . .        b - +0 falchion
rCold   . . .        B - +2 tower shield
rNeg    . . .        u - +0 ring mail
rPois   .            (helmet unavailable)
rElec   .            r - +0 cloak
rCorr   .            (no gloves)
SInv    +            (no boots)
Will    .....        m - amulet of regeneration Stlth
                     (no ring)
HPRegen 1.06/turn    (no ring)
MPRegen 0.09/turn

%: no passive effects
@: confused
A: permanent stasis, dig shafts and tunnels, antennae 3, four strong arms
a: Dig, Shaft Self


You were on level 4 of the Dungeon.
You visited 1 branch of the dungeon, and saw 4 of its levels.

You collected 158 gold pieces.

Inventory:

Hand Weapons
 a - a +0 shortbow
 b - a +0 falchion (weapon)
 l - a +0 club
 n - a +0 dagger
 y - a +0 short sword
Armour
 c - a +0 leather armour
 r - a +0 cloak (worn)
 u - a +0 ring mail (worn)
 B - a +2 tower shield (worn)
Jewellery
 m - an amulet of regeneration (around neck)
Scrolls
 e - 2 scrolls of immolation
 g - a scroll of amnesia {unknown}
 h - 2 scrolls of fear {unknown}
 k - a scroll of fog {unknown}
 p - a scroll of enchant armour {unknown}
 q - 2 scrolls of identify {unknown}
 t - a scroll of poison {unknown}
 v - a scroll of vulnerability {unknown}
 x - a scroll of magic mapping {unknown}
 z - a scroll of enchant weapon {unknown}
Potions
 d - a potion of curing {unknown}
 f - a potion of heal wounds {unknown}
 i - 4 potions of magic {unknown}
 j - 2 potions of attraction {unknown}
 o - a potion of flight {unknown}
 s - a potion of mutation {unknown}
 w - a potion of brilliance {unknown}
 A - a potion of cancellation {unknown}


   Skills:
 + Level 3.4 Fighting
 + Level 1.8 Long Blades
 + Level 4.6 Ranged Weapons
 + Level 2.4 Armour
 - Level 2.0 Dodging
 - Level 2.0 Stealth
 + Level 1.1 Shields


You had 4 spell levels left.
You didn't know any spells.
Your spell library contained the following spells:

 Spells                   Type           Power      Damage    Failure   Level
 Foxfire                  Conj/Fire      0%         2x1d4     100%        1
 Magic Dart               Conj           0%         1d3       100%        1
 Sandblast                Erth           0%         2d4       100%        1
 Call Imp                 Summ           0%         N/A       100%        2
 Passwall                 Tmut/Erth      0%         N/A       100%        2
 Sublimation of Blood     Necr           0%         N/A       100%        2
 Mephitic Cloud           Conj/Pois/Air  0%         N/A       100%        3
 Stone Arrow              Conj/Erth      0%         3d7       100%        3
 Petrify                  Tmut/Erth      0%         N/A       100%        4
 Fireball                 Conj/Fire      0%         3d3       100%        5
 Irradiate                Conj/Tmut      0%         3d11      100%        5
 Plasma Beam              Fire/Air       0%         2x1d11    100%        6
 Starburst                Conj/Fire      0%         6d3       100%        6


Dungeon Overview and Level Annotations

Branches:
Dungeon (4/15)
 Temple: D:4-7

Altars:
Makhleb

Shops:
D:3 :


Innate Abilities, Weirdness & Mutations

You cannot be hasted, slowed, berserked, paralysed or teleported.
You can dig through walls and to a lower floor.
You have a pair of large antennae on your head. (SInv)
Your four strong arms can wield two-handed weapons with a shield.


Message History

The orc wizard gestures at you while chanting.
You are confused.
You bump into the rock wall.
The orc hits you but does no damage.
You bump into the rock wall.
The orc hits you but does no damage.
The orc wizard hits you but does no damage.
The orc barely misses you.
You hit the orc but do no damage. The orc closely misses you.
The orc barely misses you.
The orc hits you from afar with a +0 trident.
You bump into the rock wall.
The orc wizard casts a spell at you. The puff of flame hits you!
The orc hits you from afar with a +0 trident.
You slash the orc wizard!
The orc wizard is heavily wounded.
You feel less confused. You block the orc wizard's attack.
The orc hits you but does no damage.
You barely miss the orc wizard.
The orc wizard is heavily wounded.
The orc wizard hits you with a +0 dagger.
The orc hits you from afar with a +0 trident.
You block the orc's attack.
The orc wizard points at you and mumbles some strange words.
You are confused.
You barely miss the orc wizard.
The orc wizard is heavily wounded.
The orc wizard hits you with a +0 dagger.
The orc hits you from afar with a +0 trident!
You barely miss the orc wizard.
The orc wizard is heavily wounded.
The orc wizard casts a spell at you.
You are more confused.
The orc hits you from afar with a +0 trident. x2
* * * LOW HITPOINT WARNING * * *
The orc wizard hits you with a +0 dagger.
* * * LOW HITPOINT WARNING * * *
You bump into the rock wall.
The orc wizard casts a spell at you. The puff of flame hits you!
You die...

### #.. #..## #....
#...# ..###...#
....)...# #.o#######.#
###.oo@......# {
#.>..######### #....#
###############
#....####..............
#....##.#.##########...
#....##.#.# #.##
###.###.#.# #.# #†#
#.#.# #.# #.###.#.# #.#


You could see an orc wizard and 2 orcs.

Vanquished Creatures
  4 gnolls (D:4)
  5 adders
  A worm (D:3)
  3 dart slugs
  3 orcs
  4 endoplasms
  4 giant cockroaches
  12 hobgoblins
  7 jackals (D:2)
  4 kobolds
  A quokka (D:3)
  4 ball pythons
  2 bats (D:1)
  5 frilled lizards
  7 goblins
  5 rats
71 creatures vanquished.

Notes
Turn   | Place    | Note
-------+----------+-------------------------------------------
     0 | D:1      | Ironcache the Formicid Hunter began the quest for the Orb.
     0 | D:1      | Reached XP level 1. HP: 16/16 MP: 1/1
   108 | D:1      | Reached XP level 2. HP: 23/23 MP: 2/2
   371 | D:1      | Reached skill level 1 in Armour
   377 | D:1      | Reached XP level 3. HP: 28/28 MP: 3/3
   581 | D:2      | Found a burning altar of Makhleb.
   831 | D:2      | Reached XP level 4. HP: 34/34 MP: 4/4
  1254 | D:3      | Found Yvvih's Book Emporium.
  1287 | D:3      | Reached skill level 1 in Long Blades
  1611 | D:3      | Reached XP level 5. HP: 41/41 MP: 5/5
  2009 | D:4      | Reached skill level 1 in Shields
  2161 | D:4      | Killed from afar by an orc wizard

Illustrated notes

Levels and vault maps discovered:
D:1:      lemuel_arrival_broad_hall, layout_basic
D:2:      layout_basic, basic_altar
D:3:      layout_loops_ring, serial_shops, nicolae_shop_tiny_waterfront
D:4:      layout_basic

Skill      XL: |  1  2  3  4  5 |
---------------+----------------+-----
Dodging        | 2 |  2.0
Armour         | 1 2 |  2.4
Stealth        | 2 |  2.0
Fighting       | 3 |  3.4
Long Blades    | 1 |  1.8
Shields        | 1 |  1.1
Ranged Weapons | |  4.6

Action                     |  1- 3 |  4- 6 || total
---------------------------+-------+-------++-------
  Melee: Short sword       |    27 |    24 ||    51
         Club              |     1 |       ||     1
         Falchion          |       |    41 ||    41
   Fire: Shortbow          |    63 |    66 ||   129
 Armour: Leather armour    |    16 |    12 ||    28
         Ring mail         |       |    17 ||    17
  Dodge: Dodged            |    23 |    39 ||    62
  Block: Tower shield      |       |    55 ||    55
